 Dungeon Crawl Stone Soup version 0.32-a0-520-g344ed53f66 (webtiles) character file.

Game seed: 6546825713590781882

152 retardedninja the Trooper (level 5, 0/70 HPs)
             Began as a Mountain Dwarf Fighter on Feb 27, 2024.
             Slain by an iguana (2 damage)
             ... on level 4 of the Dungeon.
             The game lasted 00:02:13 (1930 turns).

retardedninja the Trooper (Mountain Dwarf Fighter)  Turns: 1930, Time: 00:02:14

Health: 0/70       AC: 22    Str: 20    XL:     5   Next: 11%
Magic:  5/5        EV:  2    Int:  9    God:
Gold:   244        SH:  4    Dex:  9    Spells: 4/4 levels left

rFire   . . .        a - +0 war axe
rCold   . . .        c - +0 buckler
rNeg    . . .        b - melded +0 scale mail
rPois   +            (helmet currently unavailable)
rElec   .            i - melded +0 cloak
rCorr   .            (gloves currently unavailable)
SInv    .            (boots currently unavailable)
Will    +....        (no amulet)
Stlth   +            (no ring)
HPRegen 0.31/turn    (no ring)
MPRegen 0.09/turn

%: no passive effects
@: mighty, brilliant, tree-form, attractive, enlightened
A: stationary, stasis, torment immunity, boosted hp, runic magic, artefact
enchanting
a: no special abilities


You were on level 4 of the Dungeon.
You were a tree.
You visited 1 branch of the dungeon, and saw 4 of its levels.

You collected 244 gold pieces.

Inventory:

Hand Weapons
 a - a +0 war axe (weapon)
Armour
 b - a +0 scale mail (melded)
 c - a +0 buckler (worn)
 i - a +0 cloak (melded)
Scrolls
 e - a scroll of enchant armour {unknown}
 g - a scroll of teleportation {unknown}
 h - 4 scrolls of identify {unknown}
 l - a scroll of silence {unknown}
 n - a scroll of revelation {unknown}
Potions
 k - a potion of degeneration {unknown}
 m - a potion of brilliance
 o - a potion of curing {unknown}


   Skills:
 + Level 4.3 Fighting
 + Level 3.8 Axes
 + Level 4.2 Armour
 + Level 4.2 Shields


You had 4 spell levels left.
You didn't know any spells.
Your spell library contained the following spells:

 Spells                   Type           Power      Damage    Failure   Level
 Apportation              Tloc           0%         N/A       45%         1
 Freeze                   Ice            0%         1d3       45%         1
 Shock                    Conj/Air       0%         1d3       45%         1
 Jinxbite                 Hex            0%         N/A       58%         2
 Frozen Ramparts          Ice            0%         1d1       83%         3
 Hailstorm                Conj/Ice       0%         3d5       83%         3
 Swiftness                Air            0%         N/A       83%         3
 Airstrike                Air            0%         2d(0-16)  99%         4
 Alistair's Intoxication  Alch           0%         N/A       100%        5


Dungeon Overview and Level Annotations

Branches:
Dungeon (4/15)
 Temple: D:4-7

Altars:
Uskayaw
Xom

Shops:
D:2 *


Innate Abilities, Weirdness & Mutations

You are a tree.
Your roots penetrate the ground, keeping you stationary.
You cannot be teleported.
You are immune to unholy pain and torment.
Your maximum health is greatly increased.
Your equipment is partially melded.
Your spellcasting is much less encumbered by armour.
You can use scrolls of enchantment on lesser artefacts.


Message History

You are too injured to fight recklessly!
You are too injured to fight recklessly!
You are too injured to fight recklessly!
You are too injured to fight recklessly!
You are too injured to fight recklessly!
You are too injured to fight recklessly!
You are too injured to fight recklessly!
You are too injured to fight recklessly!
There are monsters nearby!
There are monsters nearby!
You are too injured to fight recklessly!
Unknown command.
You slash the iguana!
The iguana is severely wounded.
You closely miss the orc. The iguana bites you!
The orc hits you with a +0 flail. The iguana bites you!
* * * LOW HITPOINT WARNING * * *
The orc barely misses you.
It was a potion of brilliance.
You feel clever all of a sudden.
The iguana bites you but does no damage.
The orc barely misses you.
It was a potion of attraction.
You feel attractive to monsters. The iguana barely misses you.
The orc closely misses you.
You feel very mighty all of a sudden. The iguana bites you.
* * * LOW HITPOINT WARNING * * *
The orc hits you but does no damage.
Unknown command.
It was a potion of enlightenment.
You feel very buoyant.
You fly up into the air.
You block the iguana's attack. The orc hits you with a +0 flail.
* * * LOW HITPOINT WARNING * * *
It was a potion of lignification.
You turn into a tree.
Your +0 cloak melds into your body.
Your +0 scale mail melds into your body.
Your roots penetrate the ground.
The iguana bites you.
You die...

......<...#
..........+
..........#
..........#
..........#
..........#
......ol..#
.......♣..#
..........#
..........#
..........#
..........# ########+
..........# #........
..........# #........
..........###........
######...............


You could see an iguana and an orc.

Vanquished Creatures
  A phantom (D:4)
  An adder (D:3)
  A gnoll (D:1)
  5 orcs (D:3)
  4 bats
  3 endoplasms (D:1)
  A giant cockroach (D:1)
  7 goblins
  6 hobgoblins
  10 kobolds
  4 ball pythons (D:1)
  4 frilled lizards
  2 rats
49 creatures vanquished.

Notes
Turn   | Place    | Note
-------+----------+-------------------------------------------
     0 | D:1      | retardedninja the Mountain Dwarf Fighter began the quest
                  | for the Orb.
     0 | D:1      | Reached XP level 1. HP: 19/19 MP: 1/1
   202 | D:1      | Reached XP level 2. HP: 26/26 MP: 2/2
   421 | D:1      | Reached XP level 3. HP: 28/33 MP: 3/3
  1081 | D:2      | Found Ezxoj's General Store.
  1381 | D:3      | Reached XP level 4. HP: 40/40 MP: 4/4
  1754 | D:3      | Found a shimmering altar of Xom.
  1754 | D:3      | Found a hide-covered altar of Uskayaw.
  1849 | D:4      | Noticed a phantom
  1857 | D:4      | Killed a phantom
  1858 | D:4      | Reached XP level 5. HP: 34/47 MP: 5/5
  1929 | D:4      | HP: 1/47 [orc/+0 flail (4)]
  1930 | D:4      | Slain by an iguana

Illustrated notes

Levels and vault maps discovered:
D:1:      minmay_arrival_jagged, layout_basic
D:2:      layout_loops_cross, serial_shops, nicolae_shop_rolling_square
D:3:      layout_rooms, gammafunk_temple_overflow_statue, kennysheep_cross_room
D:4:      layout_basic, nicolae_qazlal_scattered_showers, serial_shops,
          nicolae_shop_drivethru, grunt_decor_arrowhead,
          minmay_gold_behind_fungi, uniq_ijyb

Skill      XL: |  1  2  3  4 |
---------------+-------------+-----
Axes           | 3 |  3.8
Fighting       | 4 |  4.3
Armour         | 4 |  4.2
Shields        | 4 |  4.2

Action                     |  1- 3 |  4- 6 || total
---------------------------+-------+-------++-------
  Melee: War axe           |   124 |    21 ||   145
    Use: Potion            |       |     5 ||     5
 Armour: Scale mail        |   103 |    20 ||   123
         Skin              |       |     1 ||     1
  Dodge: Dodged            |    51 |    10 ||    61
  Block: Buckler           |    30 |     3 ||    33

Table legend: (Time is in decaauts)
 A = Elapsed time spent in this place.
 B = Non-inter-level travel time spent in this place.
 C = Inter-level travel time spent in this place.
 D = Time resting spent in this place.
 E = Time spent auto-exploring this place.
 F = Levels seen in this place.
 G = Mean time per level.
                   A        B        C        D        E       F      G
               +--------+--------+--------+--------+--------+-----+--------+
         Total |   1984 |   1922 |     62 |      0 |   1539 |   4 |  496.0 |
       Dungeon |   1984 |   1922 |     62 |      0 |   1539 |   4 |  496.0 |
               +--------+--------+--------+--------+--------+-----+--------+

Top non-repeatable levels by time:
     D:3: 695 daAuts
     D:2: 635 daAuts
     D:1: 568 daAuts
     D:4: 84 daAuts
